 Dungeon Crawl Stone Soup version 0.30-a0-715-gdb4ae3ece1 (webtiles) character file.

Game seed: 516133192185772629

23 Leeroy the Slasher (level 2, 0/17 HPs)
             Began as a Tengu Warper on Jan 23, 2023.
             Slain by an adder (4 damage)
             ... on level 2 of the Dungeon.
             The game lasted 00:00:34 (842 turns).

Leeroy the Slasher (Tengu Warper)                    Turns: 842, Time: 00:00:35

Health: 0/17       AC:  3    Str: 11    XL:     2   Next: 95%
Magic:  6/6        EV: 11    Int: 13    God:
Gold:   13         SH:  0    Dex: 13    Spells: 5/5 levels left

rFire   . . .      SeeInvis .    a - +0 falchion
rCold   . . .      Faith    .    (no shield)
rNeg    . . .      Spirit   .    b - +0 leather armour
rPois   .          Reflect  .    (helmet restricted)
rElec   .          Harm     .    (no cloak)
rCorr   .          Rampage  .    (no gloves)
Will    .....                    (boots unavailable)
Stlth   +                        (no amulet)
HPRegen 0.22/turn                (no ring)
MPRegen 0.10/turn                (no ring)

@: no status effects
A: beak, talons 3
a: no special abilities


You were on level 2 of the Dungeon.
You visited 1 branch of the dungeon, and saw 2 of its levels.

You collected 13 gold pieces.

Inventory:

Hand Weapons
 a - a +0 falchion (weapon)
Missiles
 d - 7 boomerangs of dispersal (quivered)
Armour
 b - a +0 leather armour (worn)
Jewellery
 j - a ring of positive energy
 l - an amulet of reflection
Scrolls
 c - a scroll of blinking
 e - a scroll of vulnerability {unknown}
 f - 2 scrolls of identify {unknown}
 h - a scroll of teleportation {unknown}
 i - a scroll of magic mapping {unknown}
Potions
 g - a potion of might {unknown}
 k - a potion of mutation {unknown}


   Skills:
 - Level 2.0 Fighting
 + Level 3.7 Long Blades
 - Level 1.0 Throwing
 - Level 1.1 Armour
 - Level 2.1 Dodging
 - Level 2.0 Spellcasting
 - Level 2.4 Translocations


You had 5 spell levels left.
You didn't know any spells.
Your spell library contained the following spells:

 Spells                   Type           Power      Damage    Failure   Level
 Apportation              Tloc           14%        N/A       13%         1
 Blink                    Tloc           14%        N/A       19%         2
 Lesser Beckoning         Tloc           14%        N/A       19%         2
 Necrotise                Necr           4%         1d4       32%         1
 Summon Small Mammal      Summ           4%         N/A       32%         1
 Teleport Other           Tloc           7%         N/A       36%         3
 Vhi's Electric Charge    Tloc/Air       8%         N/A       52%         3
 Manifold Assault         Tloc           7%         N/A       77%         4


Dungeon Overview and Level Annotations

Branches:
Dungeon (2/15)

Altars:

Shops:
D:1 [


Innate Abilities, Weirdness & Mutations

You have a beak for a mouth.
You have claws for feet.


Message History

Found 2 stones.
You see here 2 stones.
Done exploring.
No target in view!
No target in view!
Done exploring.
There is a stone staircase leading down here.
You climb downwards.
The jackal barks! x2; You hear a bark!
You hear an angry hiss.
Found three items.
There is a stone staircase leading up here.
There are monsters nearby!
The frilled lizard hisses angrily.
You slash the frilled lizard!
You kill the frilled lizard!
A jackal comes into view.
You slash the bat!
You kill the bat!
An adder comes into view.
The adder hisses angrily.
A frilled lizard comes into view.
The giant cockroach barely misses you.
You hit the adder but do no damage. Your peck misses the adder.
The adder bites you. The giant cockroach barely misses you.
The adder barely misses you. The quokka bites you.
You barely miss the adder. Your kick misses the adder. You peck the adder.
The adder is moderately wounded.
The giant cockroach misses you. The adder bites you. The jackal bites you.
The quokka closely misses you.
The giant cockroach attacks as you move away!
The giant cockroach closely misses you. The jackal barely misses you.
The quokka closely misses you. The jackal barely misses you.
There is a stone staircase leading up here.
The adder bites you.
* * * LOW HITPOINT WARNING * * *
The giant cockroach bites you.
* * * LOW HITPOINT WARNING * * *
The quokka barely misses you. The jackal barely misses you.
The jackal closely misses you. The adder bites you.
You die...

.# ###
#####.####
...
#.........
#.##...#.#.#
#.......#.#..
#......#!.:#
#....B..#
#..h@Sl#
#.!..hhr..#
≈~≈~~~~...##
≈≈~≈≈#~....#
≈###≈#~.....#
≈ #~......# ~
~~.....## ..
.....l.##


You could see an adder, a quokka, 3 jackals, a giant cockroach and 2 frilled
lizards.

Vanquished Creatures
  3 ball pythons (D:1)
  2 endoplasms (D:1)
  A giant cockroach (D:1)
  2 hobgoblins (D:1)
  3 jackals (D:1)
  A quokka (D:1)
  2 bats
  2 frilled lizards
  A goblin (D:1)
  3 kobolds (D:1)
  A rat (D:1)
21 creatures vanquished.

Notes
Turn   | Place    | Note
-------+----------+-------------------------------------------
     0 | D:1      | Leeroy the Tengu Warper began the quest for the Orb.
     0 | D:1      | Reached XP level 1. HP: 12/12 MP: 4/4
   150 | D:1      | Reached XP level 2. HP: 9/17 MP: 6/6
   213 | D:1      | Found Dasmalacw's Antique Armour Shop.
   219 | D:1      | Reached skill level 3 in Long Blades
   842 | D:2      | Slain by an adder

Illustrated notes

Levels and vault maps discovered:
D:1:      psy_arrival_whirlpool, layout_basic, serial_shops,
          nicolae_diamond_shop
D:2:      layout_loops_ring, chequers_ecumenical_altar_simple,
          minmay_crystal_water, minmay_tiny_reverse_x

Skill      XL: |  1  2 |
---------------+-------+-----
Long Blades    | 3 |  3.7
Fighting       | |  2.0
Throwing       | |  1.0
Armour         | |  1.1
Dodging        | |  2.1
Spellcasting   | |  2.0
Translocations | |  2.4

Action                     || total
---------------------------++-------
  Melee: Falchion          ||    47
         Kick              ||    10
         Peck              ||     4
 Armour: Leather armour    ||    13
  Dodge: Dodged            ||    44

Table legend: (Time is in decaauts)
 A = Elapsed time spent in this place.
 B = Non-inter-level travel time spent in this place.
 C = Inter-level travel time spent in this place.
 D = Time resting spent in this place.
 E = Time spent auto-exploring this place.
 F = Levels seen in this place.
 G = Mean time per level.
                   A        B        C        D        E       F      G
               +--------+--------+--------+--------+--------+-----+--------+
         Total |    849 |    815 |     34 |      0 |    705 |   2 |  424.5 |
       Dungeon |    849 |    815 |     34 |      0 |    705 |   2 |  424.5 |
               +--------+--------+--------+--------+--------+-----+--------+

Top non-repeatable levels by time:
     D:1: 842 daAuts
     D:2: 7 daAuts
